 Dungeon Sprint DCSS version 0.32-a0-666-ge8a88695a4 (webtiles) character file.

Game seed: 6187709068733517472

3233 dialectric the Ninja (level 9, -23/44 HPs)
             Began as a Spriggan Brigand on Mar 9, 2024.
             Was a Believer of Dithmenos.
             Annihilated by an ice devil (24 damage)
             ... summoned by a kobold demonologist
             ... in the Dungeon (Sprint I: "Red Sonja").
             The game lasted 00:02:23 (254 turns).

dialectric the Ninja (Spriggan Brigand)              Turns: 254, Time: 00:02:24

Health: -23/44     AC:  3    Str:  7    XL:     9   Next: 66%
Magic:  3/10       EV: 20    Int: 13    God:    Dithmenos [**....]
Gold:   442        SH:  0    Dex: 20    Spells: 8/8 levels left

rFire   + . .        a - +2 dagger
rCold   . . .        (no shield)
rNeg    . . .        b - +0 robe
rPois   .            (helmet restricted)
rElec   .            c - +0 cloak
rCorr   .            (gloves unavailable)
SInv    +            (boots unavailable)
Will    +....        (no amulet) Stlth ***+++++++
                     (no ring)
HPRegen 0.27/turn    (no ring)
MPRegen 0.12/turn

%: no teleportation, random rage (3%)
@: fragile (+50% incoming damage), wreathed by umbra, very quick
A: very small, no large weapons, unfitting armour, see invisible, speed 3,
berserk 1, fire resistance 1, frail 1, no potion heal 1
a: Renounce Religion, Shadow Step


You were in the Dungeon.
You worshipped Dithmenos.
Dithmenos was pleased with you.
You visited 1 branch You collected 442 gold pieces.

Inventory:

Hand Weapons
 a - a +2 dagger (weapon)
Missiles
 d - 8 poisoned darts (quivered)
 e - 3 curare-tipped darts
Armour
 b - a +0 robe (worn)
 c - a +0 cloak (worn)
Wands
 l - a wand of charming (12)
Scrolls
 k - a scroll of blinking
Potions
 f - a potion of curing
 g - a potion of heal wounds
 h - 2 potions of haste
 i - 2 potions of magic
 j - a potion of berserk rage


   Skills:
 + Level 6.8 Fighting
 + Level 9.3 Short Blades
 - Level 5.2 Throwing
 + Level 5.0 Dodging
 O Level 27 Stealth


You had 8 spell levels left.
You didn't know any spells.
Your spell library was empty.

Dungeon Overview and Level Annotations

Branches:
Dungeon (1/1)

Altars:
Cheibriados
Dithmenos
Elyvilon
Fedhas
Gozag
Hepliaklqana
Kikubaaqudgha
Makhleb
Nemelex Xobeh
Okawaru
Qazlal
Ru
Sif Muna
Trog
Uskayaw
Vehumet
Wu Jian
Xom
Yredelemnul
Zin
The Shining One
Jiyva
Lugonu

Shops:
D *=(([(


Innate Abilities, Weirdness & Mutations

You are very small and have problems with some larger weapons.
You are too small for most types of armour.
You have supernaturally acute eyesight. (SInv)
You cover ground extremely quickly. (Speed+++)
You sometimes lose your temper in combat.
Your flesh is heat resistant. (rF+)
You are frail. (-10% HP)
Potions are less effective at restoring your health.


Message History

Something gnaws on your mind!
You feel your power leaking away. The glass eye gazes at you.
You feel your fragility will last longer.
Unknown command.
The glass eye gazes at you.
You feel your fragility will last longer.
The neqoxec gestures at you. Something gnaws on your mind!
You feel your power leaking away. The shining eye gazes at you.
Strange energies course through your body.
You feel frail. The glass eye gazes at you.
You feel your fragility will last longer.
The shining eye pulsates ominously.
The shining eye gazes at you.
Strange energies course through your body.
You feel resistant to heat. The neqoxec gestures at you.
Something gnaws on your mind!
* * * LOW HITPOINT WARNING * * *
You feel your power leaking away.
There is a huge open gate here.
Unknown command.
There is a broken door here.
You now have 442 gold pieces (gained 27).
It's broken and can't be closed.
The kobold demonologist shouts!
The kobold demonologist casts a spell.
There is an open door here.
You close the door.
The kobold demonologist casts a spell.
There is an open door here.
There's a creature in the doorway!
You barely miss the ice devil. The ice devil hits you!
* * * LOW HITPOINT WARNING * * *
The ice devil freezes you!
Ouch! That really hurt!
You die...

##########################
#<.#.)'..#.)'..#__#..'K..#
#..'..#..'..#..'..K5K#.K.#
#..#####'#####'#__####...+
#..####..#...#K#### #####
#.)#__####.@##4#
#..#_____##4#_.+
#⌠⌠#_.∩..†'.4._#
####_..__##_.#'#
#_____###+#.#
############.###
#∩........'..$+
###'''5####$)$#
#.......####.##


You could see an ice devil (summoned) and a rust devil (summoned).

Vanquished Creatures
  Sonja (D)
  5 shining eyes (D)
  A slime creature (D)
  A glass eye (D)
  Sigmund (D)
  A yak (D)
  An ogre (D)
  A jelly (D)
  Ijyb (D)
13 creatures vanquished.

Notes
Turn   | Place    | Note
-------+----------+-------------------------------------------
     0 | D        | dialectric the Spriggan Brigand began the quest for the
                  | Orb.
     0 | D        | Reached XP level 1. HP: 10/10 MP: 2/2
     2 | D        | Noticed Ijyb
     7 | D        | Killed Ijyb
     8 | D        | Reached skill level 9 in Stealth
     8 | D        | Reached XP level 2. HP: 15/15 MP: 3/3
    14 | D        | Noticed an ogre
    37 | D        | Killed an ogre
    38 | D        | Reached skill level 12 in Stealth
    38 | D        | Reached XP level 3. HP: 19/19 MP: 4/4
    38 | D        | Reached XP level 4. HP: 23/23 MP: 5/5
    71 | D        | Noticed Sigmund
    73 | D        | Killed Sigmund
    74 | D        | Reached skill level 5 in Throwing
    74 | D        | Reached skill level 16 in Stealth
    74 | D        | Reached XP level 5. HP: 28/28 MP: 6/6
    85 | D        | Found a shimmering blue altar of Sif Muna.
    86 | D        | Found an ornate altar of the Wu Jian Council.
    87 | D        | Found a radiant altar of Vehumet.
    92 | D        | Reached XP level 6. HP: 32/32 MP: 7/7
   119 | D        | Found Ysap's Weapon Emporium.
   119 | D        | Found an ancient bone altar of Kikubaaqudgha.
   119 | D        | Found a hazy altar of Hepliaklqana.
   119 | D        | Found a hide-covered altar of Uskayaw.
   119 | D        | Found a basalt altar of Yredelemnul.
   119 | D        | Found an opulent altar of Gozag.
   119 | D        | Found a snail-covered altar of Cheibriados.
   119 | D        | Found a sacrificial altar of Ru.
   119 | D        | Found a shadowy altar of Dithmenos.
   119 | D        | Noticed a yak
   120 | D        | Found a stormy altar of Qazlal.
   120 | D        | Found a blossoming altar of Fedhas.
   120 | D        | Found a bloodstained altar of Trog.
   120 | D        | Found an iron altar of Okawaru.
   120 | D        | Found a glowing golden altar of the Shining One.
   120 | D        | Found a glowing silver altar of Zin.
   120 | D        | Found a white marble altar of Elyvilon.
   121 | D        | Killed a yak
   122 | D        | Reached skill level 5 in Short Blades
   122 | D        | Reached skill level 18 in Stealth
   122 | D        | Found a sparkling altar of Nemelex Xobeh.
   133 | D        | Became a worshipper of Dithmenos the Shadowed
   148 | D        | Found a burning altar of Makhleb.
   148 | D        | Found a shimmering altar of Xom.
   148 | D        | Noticed a slime creature
   149 | D        | Found a viscous altar of Jiyva.
   149 | D        | Found a corrupted altar of Lugonu.
   151 | D        | Killed a slime creature
   152 | D        | Reached skill level 20 in Stealth
   152 | D        | Reached XP level 7. HP: 38/38 MP: 8/8
   165 | D        | Noticed a kobold demonologist
   166 | D        | Noticed a glass eye
   166 | D        | Noticed a kobold demonologist
   169 | D        | Noticed a rust devil
   170 | D        | Noticed a hellwing
   190 | D        | Noticed Sonja
   194 | D        | Killed Sonja
   195 | D        | Reached skill level 22 in Stealth
   195 | D        | Reached XP level 8. HP: 41/42 MP: 9/9
   200 | D        | Found Heyt's Assorted Antiques.
   207 | D        | Noticed a glass eye
   207 | D        | Noticed a shining eye
   207 | D        | Noticed a glass eye
   207 | D        | Noticed a shining eye
   207 | D        | Noticed a shining eye
   208 | D        | Noticed a shining eye
   208 | D        | Noticed a shining eye
   208 | D        | Noticed a shining eye
   208 | D        | Noticed a glass eye
   209 | D        | Killed a glass eye
   209 | D        | Reached * piety under Dithmenos
   209 | D        | Gained mutation: You sometimes lose your temper in combat.
                  | [a shining eye]
   210 | D        | Reached skill level 5 in Fighting
   210 | D        | Reached skill level 23 in Stealth
   210 | D        | Noticed a glass eye
   210 | D        | Noticed a shining eye
   210 | D        | Noticed a shining eye
   211 | D        | Killed a shining eye
   212 | D        | Reached skill level 24 in Stealth
   216 | D        | Killed a shining eye
   216 | D        | Reached ** piety under Dithmenos
   217 | D        | Reached skill level 25 in Stealth
   217 | D        | Reached XP level 9. HP: 48/48 MP: 10/10
   217 | D        | Gained mutation: Potions are less effective at restoring
                  | your health. [a shining eye]
   219 | D        | Killed a shining eye
   220 | D        | Reached skill level 26 in Stealth
   221 | D        | Found Jiwuer's Armour Shop.
   221 | D        | Found Keanyli's Antique Weapon Boutique.
   222 | D        | Found Matoer's Jewellery Shoppe.
   222 | D        | Found Weffoh's Weapon Emporium.
   231 | D        | Killed a shining eye
   232 | D        | Reached skill level 27 in Stealth
   233 | D        | Killed a shining eye
   234 | D        | Reached skill level 5 in Dodging
   238 | D        | Gained mutation: You are frail. (-10% HP) [a shining eye]
   240 | D        | Gained mutation: Your flesh is heat resistant. (rF+) [a
                  | shining eye]
   249 | D        | Noticed an ice devil
   251 | D        | Noticed a rust devil
   254 | D        | HP: 1/44 [ice devil[a kobold demonologist] (12)]
   254 | D        | Annihilated by an ice devil

Illustrated notes

Levels and vault maps discovered:
D:        dungeon_sprint_1 [red_sonja_temple_1, red_sonja_temple_small_1]

Skill      XL: |  1  2  3  4  5  6  7  8  9 |
---------------+----------------------------+-----
Fighting       | 2 3 4 5 6 |  6.8
Stealth        | 9 12 16 20 22 25 27 | 27.0
Short Blades   | 3 4 5 6 7 9 |  9.3
Throwing       | 3 5 |  5.2
Dodging        | 2 3 5 |  5.0

Action                     |  1- 3 |  4- 6 |  7- 9 || total
---------------------------+-------+-------+-------++-------
  Melee: Dagger            |     2 |     4 |    12 ||    18
  Throw: Dart              |     9 |       |       ||     9
   Stab: Sleeping          |     1 |     4 |     7 ||    12
 Armour: Robe              |       |       |     3 ||     3
  Dodge: Dodged            |     3 |       |     7 ||    10

Table legend: (Time is in decaauts)
 A = Elapsed time spent in this place.
 B = Non-inter-level travel time spent in this place.
 C = Inter-level travel time spent in this place.
 D = Time resting spent in this place.
 E = Time spent auto-exploring this place.
 F = Levels seen in this place.
 G = Mean time per level.
                   A        B        C        D        E       F      G
               +--------+--------+--------+--------+--------+-----+--------+
         Total |    175 |    175 |      0 |      0 |      0 |   1 |  175.0 |
       Dungeon |    175 |    175 |      0 |      0 |      0 |   1 |  175.0 |
               +--------+--------+--------+--------+--------+-----+--------+

Top non-repeatable levels by time:
       D: 175 daAuts
